 Dungeon Crawl Stone Soup version 0.30-a0-385-gfebfb9b408 (webtiles) character file.

Game seed: 11471857632434449806

176 leviel the Chopper (level 5, -7/47 HPs)
             Began as a Hill Orc Fighter on Dec 2, 2022.
             Was an Initiate of Gozag.
             Killed by divine providence
             ... invoked by an orc priest
              (12 damage)
             ... on level 3 of the Dungeon.
             The game lasted 00:02:24 (2129 turns).

leviel the Chopper (Hill Orc Fighter)               Turns: 2129, Time: 00:02:24

Health: -7/47      AC: 13    Str: 24    XL:     5   Next: 56%
Magic:  5/5        EV:  6    Int:  8    God:    Gozag
Gold:   320        SH:  4    Dex: 10    Spells: 4/4 levels left

rFire   . . .      SeeInvis +    a - +2 war axe (spect)
rCold   + . .      Faith    .    c - +0 buckler
rNeg    . . .      Spirit   .    p - +0 plate armour
rPois   .          Reflect  .    h - +2 hat of Muvet {Str+3 SInv}
rElec   .          Harm     .    (no cloak)
rCorr   .          Rampage  .    (no gloves)
Will    .....                    (no boots)
Stlth   ..........               (no amulet)
HPRegen 0.27/turn                m - ring of protection from cold
MPRegen 0.09/turn                (no ring)

@: no status effects
A: no striking features
a: Renounce Religion, Convert to Beogh, Potion Petition, Call Merchant, Bribe
Branch


You were on level 3 of the Dungeon.
You worshipped Gozag.
Gozag was aware of your devotion.
You visited 1 branch of the dungeon, and saw 3 of its levels.

You collected 331 gold pieces.
You paid 11 gold pieces to Gozag.

Inventory:

Hand Weapons
 a - a +2 spectral war axe (weapon)
Armour
 c - a +0 buckler (worn)
 h - the +2 hat of Muvet (worn) {Str+3 SInv}
   (You found it on level 3 of the Dungeon)

   Str:       It affects your strength (+3).
   SInv:      It lets you see invisible.
 p - a +0 plate armour (worn)
Jewellery
 m - a ring of protection from cold (left hand)
Scrolls
 g - a scroll of noise
 i - a scroll of teleportation
Potions
 d - 4 potions of might
 e - a potion of mutation
 f - 3 potions of brilliance
 j - a potion of degeneration {unknown}
 n - 2 potions of flight {unknown}


   Skills:
 + Level 4.5 Fighting
 * Level 4.7 Axes
 + Level 4.0 Armour
 + Level 1.2 Dodging
 + Level 4.1 Shields


You had 4 spell levels left.
You didn't know any spells.
Your spell library contained the following spells:

 Spells                   Type           Power      Damage    Failure   Level
 Freeze                   Ice            0%         1d3       100%        1
 Frozen Ramparts          Ice            0%         1d1       100%        3
 Hailstorm                Conj/Ice       0%         3d3       100%        3
 Inner Flame              Hex/Fire       0%         N/A       100%        3
 Flame Wave               Conj/Fire      0%         2d4       100%        4
 Sticky Flame             Conj/Fire      0%         2d3       100%        4


Dungeon Overview and Level Annotations

Branches:
Dungeon (3/15)

Altars:
Gozag

Shops:
D:3 *


Message History

You are too injured to fight recklessly!
You slash the orc!
You kill the orc!
You block the orc's attack.
You barely miss the orc. The orc closely misses you.
You barely miss the orc. You block the orc's attack.
You slash the orc!
You kill the orc!
The orc priest is distracted by your dazzling golden aura.
The orc priest is no longer distracted by gold.
The orc priest miscasts a cantrip.
Items here: $ (( )) [.
You barely miss the orc priest. You block the orc priest's attack.
You slash the orc priest!
The orc priest is severely wounded.
The orc priest hits you but does no damage.
The orc priest is distracted by your dazzling golden aura.
You closely miss the orc priest.
The orc priest is severely wounded.
The orc priest shouts!
You block the orc priest's attack.
The orc priest calls down the wrath of Beogh upon you.
Pain shoots through your body!
You barely miss the orc priest.
The orc priest is severely wounded.
The orc priest barely misses you.
The orc priest shouts, "Surrender to Beogh and we'll let you live!"
You hit the orc priest but do no damage.
The orc priest is severely wounded.
The orc priest calls down the wrath of Beogh upon you.
Beogh smites you!
* * * LOW HITPOINT WARNING * * *
You barely miss the orc priest.
The orc priest is severely wounded.
The orc priest shouts, "Beogh is our master!
Accept the truth or die!"
The orc priest is no longer distracted by gold.
The orc priest invokes the aid of Beogh against you.
Beogh smites you!
You die...
Your body crumbles into a pile of gold.

.............#.##.....#####.###
.............#.##.....'.......#
.............#.##.....#####.#.#
.............#.####'### #.#.#
.............#.# #.# #.#.#
.............#.####(# #.#.#
##########+###......# #.#.#
##.############# #.#.#
#......$@oo..... ..#.#
#..##..##############.#
#..##..# #..........#
#########..##..# #.##########
........#......# #.#
#######.#.####.# #.# .#
#.........# #.# .#
#..#.##########.# .#
#............)..#


You could see 2 orc priests.

Vanquished Creatures
  An orc priest (D:3)
  7 adders
  4 dart slugs
  8 orcs (D:3)
  8 ball pythons
  8 endoplasms
  2 giant cockroaches (D:1)
  6 goblins
  4 hobgoblins
  7 kobolds
  A quokka (D:1)
  7 bats
  5 rats
68 creatures vanquished.

Notes
Turn   | Place    | Note
-------+----------+-------------------------------------------
     0 | D:1      | leviel the Hill Orc Fighter began the quest for the Orb.
     0 | D:1      | Reached XP level 1. HP: 19/19 MP: 1/1
    62 | D:1      | Reached XP level 2. HP: 27/27 MP: 2/2
   172 | D:1      | Reached XP level 3. HP: 33/33 MP: 3/3
   723 | D:2      | Reached XP level 4. HP: 40/40 MP: 4/4
   734 | D:2      | Found an opulent altar of Gozag.
   755 | D:2      | Became a worshipper of Gozag Ym Sagoz the Greedy
  1374 | D:3      | Reached skill level 1 in Dodging
  1393 | D:3      | Identified the +2 hat of Muvet {Str+3 SInv}
  1457 | D:3      | Found Xenehoph's General Store.
  1572 | D:3      | Reached XP level 5. HP: 45/47 MP: 5/5
  2129 | D:3      | Killed from afar by an orc priest

Illustrated notes

Levels and vault maps discovered:
D:1:      erik_arrival_triangle_medium, layout_rooms, minmay_cupped
D:2:      layout_loops_ring, basic_altar, minmay_between
D:3:      layout_basic, serial_shops, shop

Skill      XL: |  1  2  3  4  5 |
---------------+----------------+-----
Axes           | 3 4 |  4.7
Fighting       | 4 |  4.5
Dodging        | 1 |  1.2
Armour         | 4 |  4.0
Shields        | 4 |  4.1

Action                   |  1- 3 |  4- 6 || total
-------------------------+-------+-------++-------
Melee: War axe           |    80 |    63 ||   143
  Use: Scroll            |       |     9 ||     9
Armor: Scale mail        |    43 |     8 ||    51
       Plate armour      |       |    18 ||    18
Dodge: Dodged            |    47 |    21 ||    68
Block: Buckler           |    19 |    16 ||    35

Table legend: (Time is in decaauts)
 A = Elapsed time spent in this place.
 B = Non-inter-level travel time spent in this place.
 C = Inter-level travel time spent in this place.
 D = Time resting spent in this place.
 E = Time spent auto-exploring this place.
 F = Levels seen in this place.
 G = Mean time per level.
                   A        B        C        D        E       F      G
               +--------+--------+--------+--------+--------+-----+--------+
         Total |   2178 |   2129 |     49 |    134 |   1599 |   3 |  726.0 |
       Dungeon |   2178 |   2129 |     49 |    134 |   1599 |   3 |  726.0 |
               +--------+--------+--------+--------+--------+-----+--------+

Top non-repeatable levels by time:
     D:3: 880 daAuts
     D:2: 721 daAuts
     D:1: 576 daAuts
